 Dungeon Crawl Stone Soup version 0.30-a0-728-gc68057be0a (webtiles) character file.

Game seed: 5577440556233100950

135 DEFE the Chiller (level 4, 0/33 HPs)
             Began as a Demonspawn Wanderer on Jan 30, 2023.
             Slain by a jelly (1 damage)
             ... on level 4 of the Dungeon.
             The game lasted 00:03:49 (2916 turns).

DEFE the Chiller (Demonspawn Wanderer)              Turns: 2916, Time: 00:03:50

Health: 0/33       AC: -8    Str: 10    XL:     4   Next: 97%
Magic:  3/8        EV: 11    Int: 18    God:
Gold:   105        SH:  6    Dex: 12    Spells: 5/9 levels left

rFire   . . .      SeeInvis .    a - +1 short sword
rCold   . . .      Faith    .    (no shield)
rNeg    . . .      Spirit   .    c - +0 robe
rPois   +          Reflect  .    (no helmet)
rElec   .          Harm     .    (no cloak)
rCorr   .          Rampage  .    m - +0 pair of gloves
Will    .....                    (no boots)
Stlth   +                        (no amulet)
HPRegen 0.25/turn                o - ring of poison resistance
MPRegen 0.11/turn                (no ring)

@: corroded, very slightly contaminated
A: large bone plates 2
a: no special abilities


You were on level 4 of the Dungeon.
You visited 1 branch of the dungeon, and saw 4 of its levels.

You collected 105 gold pieces.

Inventory:

Hand Weapons
 a - a +1 short sword (weapon)
Armour
 c - a +0 robe (worn)
 d - a +3 ring mail
 h - a +0 buckler
 m - a +0 pair of gloves (worn)
Jewellery
 o - a ring of poison resistance (left hand)
 q - the ring "Kytzudeng" {rElec rF- rN+ Str+2}
   (You found it on level 3 of the Dungeon)

   [ring of positive energy]

   Str:       It affects your strength (+2).
   rF:        It makes you vulnerable to fire.
   rElec:     It insulates you from electricity.
   rN:        It protects you from negative energy.
Scrolls
 b - a scroll of fear
 f - a scroll of enchant armour {unknown}
 g - a scroll of summoning {unknown}
 j - a scroll of blinking {unknown}
 l - a scroll of torment {unknown}
 n - 2 scrolls of teleportation {unknown}
 p - a scroll of noise {unknown}
Potions
 e - a potion of heal wounds {unknown}
 i - a potion of lignification {unknown}
 k - 2 potions of mutation {unknown}


   Skills:
 - Level 2.0 Fighting
 - Level 2.6 Short Blades
 - Level 1.0 Armour
 + Level 3.1 Spellcasting
 + Level 4.1 Ice Magic


You had 5 spell levels left.
You knew the following spells:

 Your Spells              Type           Power      Damage    Failure   Level
a - Freeze                Ice            68%        1d8       3%          1
b - Frozen Ramparts       Ice            34%        1d6       9%          3

Your spell library contained the following spells:

 Spells                   Type           Power      Damage    Failure   Level
 Beastly Appendage        Tmut           4%         N/A       16%         1
 Hailstorm                Conj/Ice       10%        3d5       21%         3
 Wereblood                Tmut           2%         N/A       24%         2
 Spider Form              Tmut/Pois      2%         N/A       43%         3
 Summon Ice Beast         Ice/Summ       10%        N/A       56%         4
 Cause Fear               Hex            1%         N/A       85%         4
 Dragon Form              Tmut           1%         N/A       100%        7
 Dragon's Call            Summ           1%         N/A       100%        9


Dungeon Overview and Level Annotations

Branches:
Dungeon (4/15)
 Temple: D:4-7

Altars:

Shops:
D:1 !


Innate Abilities, Weirdness & Mutations

You are mostly covered in large bone plates. (SH +6)


Message History

Unknown command.
The goblin shoots a sling bullet.
You block the sling bullet.
There is a stone staircase leading up here.
You climb upwards.
There is a stone staircase leading down here.
You start resting.
MP restored: 8 You climb downwards.
You block the jelly's attack. The jelly hits you. The acid corrodes you!
You are splashed with acid!
There is a stone staircase leading up here.
You take 10 damage, and have 23/33 hp.
MASSIVE DAMAGE!!
Unknown command.
Aim: a jelly You miscast Freeze.
You are very lightly contaminated with residual magic.
Nothing appears to happen.
The jelly hits you. The acid corrodes you!
You are splashed with acid!
Aim: a jelly You freeze the jelly!
The jelly misses you.
You take 12 damage, and have 11/33 hp.
MASSIVE DAMAGE!!
You now have 6/8 mp.
Aim: a jelly (heavily wounded)
You freeze the jelly! The jelly hits you.
* * * LOW HITPOINT WARNING * * *
The acid corrodes you!
You are splashed with acid!
* * * LOW HITPOINT WARNING * * *
Unknown command.
You take 10 damage, and have 1/33 hp.
MASSIVE DAMAGE!!
You now have 5/8 mp.
Unknown command.
Aim: a jelly (almost dead)
You freeze the jelly. You block the jelly's attack.
You now have 4/8 mp.
Unknown command.
Aim: a jelly (almost dead)
You freeze the jelly. The jelly hits you.
You die...

#†##...(# ###.#....[#
#.....###..# #....##
#... .#######..###
##.#
.........#########..#
.###..g..##...<....#
#.###..>.....#### ..
#@Jg...###.# ..J
#..##.### .# .#
#.###.# .. #. ..# ###
#. #### ##


You could see a jelly and a goblin.

Vanquished Creatures
  4 adders
  A worm (D:2)
  3 dart slugs
  7 orcs
  12 ball pythons
  4 bats
  An endoplasm (D:4)
  7 giant cockroaches
  7 goblins
  10 hobgoblins
  2 jackals (D:2)
  8 kobolds
  3 quokkas
  2 frilled lizards
  9 rats
80 creatures vanquished.

Notes
Turn   | Place    | Note
-------+----------+-------------------------------------------
     0 | D:1      | DEFE the Demonspawn Wanderer began the quest for the Orb.
     0 | D:1      | DEFE set off with the following items: a +1 short sword, a
                  | scroll of fear, a +0 robe; and the following spell
                  | memorised: Freeze; and the following spells available to
                  | memorise: Frozen Ramparts, Summon Ice Beast.
     0 | D:1      | Reached XP level 1. HP: 16/16 MP: 2/2
   101 | D:1      | Found Kyq Sahi's Distillery.
   181 | D:1      | Reached skill level 3 in Ice Magic
   181 | D:1      | Gained mutation: You are partially covered in large bone
                  | plates. (SH +4) [demonic ancestry]
   181 | D:1      | Reached XP level 2. HP: 22/22 MP: 2/4
   448 | D:1      | Found a faded altar of an unknown god.
   737 | D:1      | Gained mutation: You are mostly covered in large bone
                  | plates. (SH +6) [demonic ancestry]
   737 | D:1      | Reached XP level 3. HP: 21/27 MP: 6/6
  1310 | D:2      | Reached XP level 4. HP: 33/33 MP: 7/7
  2199 | D:3      | Learned a level 3 spell: Frozen Ramparts
  2296 | D:3      | Reached skill level 4 in Ice Magic
  2382 | D:3      | Identified the ring "Kytzudeng" {rElec rF- rN+ Str+2}
  2914 | D:4      | HP: 1/33 [acid (7)]
  2916 | D:4      | Slain by a jelly

Illustrated notes

Levels and vault maps discovered:
D:1:      matt_arrival_grand_opening, layout_basic,
          nicolae_ecumenical_snake_handling, serial_shops, shop
D:2:      layout_basic, minmay_quadrilaterals
D:3:      corexii_shack_village, layout_rooms, serial_rivers,
          chequers_serial_rivers_small_3, chequers_serial_rivers_micro_d,
          chequers_serial_rivers_room_a, chequers_serial_rivers_micro_a,
          chequers_serial_rivers_small_a
D:4:      layout_rooms, uniq_pikel, uniq_menkaure

Skill      XL: |  1  2  3  4 |
---------------+-------------+-----
Ice Magic      | 3 4 |  4.1
Spellcasting   | 2 3 |  3.1
Fighting       | |  2.0
Short Blades   | |  2.6
Armour         | |  1.0

Action                     |  1- 3 |  4- 6 || total
---------------------------+-------+-------++-------
  Melee: Short sword       |   134 |    31 ||   165
         Punch             |     1 |       ||     1
   Cast: Freeze            |    18 |    55 ||    73
   Stab: Sleeping          |     1 |       ||     1
 Armour: Robe              |    10 |    11 ||    21
  Dodge: Dodged            |    69 |    40 ||   109
  Block: Other             |    29 |    13 ||    42

Table legend: (Time is in decaauts)
 A = Elapsed time spent in this place.
 B = Non-inter-level travel time spent in this place.
 C = Inter-level travel time spent in this place.
 D = Time resting spent in this place.
 E = Time spent auto-exploring this place.
 F = Levels seen in this place.
 G = Mean time per level.
                   A        B        C        D        E       F      G
               +--------+--------+--------+--------+--------+-----+--------+
         Total |   2901 |   2838 |     63 |    528 |   1746 |   4 |  725.2 |
       Dungeon |   2901 |   2838 |     63 |    528 |   1746 |   4 |  725.2 |
               +--------+--------+--------+--------+--------+-----+--------+

Top non-repeatable levels by time:
     D:2: 1197 daAuts
     D:1: 867 daAuts
     D:3: 779 daAuts
     D:4: 58 daAuts
